 Dungeon Crawl Stone Soup version 0.28-a0-422-gd71735cc25 (webtiles) character file.

Game seed: 15775227685997032327

174 Rennog the Caller (level 5, -6/28 HPs)
             Began as a Kobold Summoner on Sept 8, 2021.
             Was an Initiate of Sif Muna.
             Killed from afar by Sigmund (9 damage)
             ... with a puff of flame
             ... on level 3 of the Dungeon.
             The game lasted 00:13:37 (4421 turns).

Rennog the Caller (Kobold Summoner)                 Turns: 4421, Time: 00:13:37

Health: -6/28      AC:  3    Str:  6    XL:     5   Next: 84%
Magic:  4/11       EV: 15    Int: 17    God:    Sif Muna [......]
Gold:   95         SH:  0    Dex: 15    Spells: 4/13 levels left

rFire   . . .      SeeInvis .   c - staff of cold
rCold   + . .      Faith    .   (shield currently unavailable)
rNeg    . . .      Spirit   .   a - +0 robe
rPois   .          Reflect  .   (no helmet)
rElec   .          Harm     .   (no cloak)
rCorr   .          Rampage  .   m - +0 pair of gloves
Will    .....                   (no boots)
Stlth   ++........              (no amulet)
HPRegen 0.09/turn               j - ring of wizardry
MPRegen 0.12/turn               (no ring)

@: confused
A: small, no large weapons, nightstalker 3
a: Renounce Religion


You were on level 3 of the Dungeon.
You worshipped Sif Muna.
Sif Muna was noncommittal.
You visited 2 branches of the dungeon, and saw 6 of its levels.

You collected 95 gold pieces.

Inventory:

Armour
 a - a +0 robe (worn)
 m - a +0 pair of gloves (worn)
Magical Staves
 c - a staff of cold (weapon)
Jewellery
 h - a ring of protection from fire
 j - a ring of wizardry (left hand)
Scrolls
 b - a scroll of magic mapping
 f - a scroll of identify
 g - 2 scrolls of teleportation {unknown}
 i - a scroll of torment {unknown}
 k - a scroll of acquirement {unknown}
Potions
 d - 2 potions of heal wounds {unknown}
 e - a potion of degeneration {unknown}
 l - a potion of mutation {unknown}


   Skills:
 - Level 2.5 Dodging
 - Level 2.9 Stealth
 + Level 4.5 Spellcasting
 * Level 5.1 Summonings


You had 4 spell levels left.
You knew the following spells:

 Your Spells              Type           Power      Damage    Failure   Level
a - Summon Small Mammal   Summ           84%        N/A       1%          1
b - Call Imp              Summ           21%        N/A       1%          2
c - Call Canine Familiar  Summ           21%        N/A       2%          3
d - Summon Guardian Gole  Hex/Summ       12%        N/A       6%          3

Your spell library contained the following spells:

 Spells                   Type           Power      Damage    Failure   Level
 Summon Lightning Spire   Summ/Air       12%        N/A       21%         4


Dungeon Overview and Level Annotations

Branches:
Dungeon (5/15)             Temple (1/1) D:4

Altars:
Cheibriados
Dithmenos
Kikubaaqudgha
Makhleb
Nemelex Xobeh
Okawaru
Qazlal
Ru
Sif Muna
Trog
Uskayaw
Vehumet
Wu Jian
Xom
Yredelemnul

Shops:
D:1 ?

Annotations:
D:3 Sigmund


Innate Abilities, Weirdness & Mutations

You are small and have problems with some larger weapons.
You are completely attuned to the shadows.


Message History

Your hound closely misses Sigmund. x2; Sigmund closely misses you.
Your hound bites Sigmund but does no damage.
Your crimson imp closely misses Sigmund.
Your hound barely misses Sigmund.
Sigmund casts a spell.
Sigmund flickers and vanishes!
Deactivating autopickup; reactivate with Ctrl-A.
Your hound bites something.
Your hound closely misses something.
Something hits your hound!
You barely miss something.
Your hound disappears in a puff of smoke!
Something hits you.
You barely miss something. Something hits you.
You closely miss something. You hit something.
You hear some strange, mumbled words.
Something tries to affect you, but you resist.
You closely miss something. Something barely misses you.
You hit something but do no damage.
You hear some strange, mumbled words.
You are confused.
Are you sure you want to stumble around while confused and next to your crimson imp?
You hear some strange, mumbled words.
You are more confused.
You're too confused to cast spells.
Your guardian golem disappears in a puff of smoke!
Something hits you!
Are you sure you want to stumble around while confused and next to your crimson imp?
You bump into the rock wall.
You hear some strange, mumbled words.
Something tries to affect you, but you resist.
Are you sure you want to stumble around while confused and next to your crimson imp?
You bump into the rock wall.
A magic dart appears from out of thin air!
The magic dart hits you!
* * * LOW HITPOINT WARNING * * *
Are you sure you want to stumble around while confused and next to your crimson imp?
A puff of flame appears from out of thin air!
The puff of flame hits you!
You die...

#............#
####.#########..#
.....# ....#..#
###..# ....#..#
##.# ....#..# #.#
_...{†.# #####.#
....#.5# ......#
....#..# ####..#
....#@.#
##.#########..#
#...........##
#############


You could see a friendly crimson imp (summoned).

Vanquished Creatures
  A worm (D:2)
  2 dart slugs (D:1)
  2 endoplasms (D:1)
  A goblin (D:1)
  3 hobgoblins (D:1)
  A quokka (D:1)
  4 frilled lizards
  A rat (D:1)
15 creatures vanquished.

Vanquished Creatures (collateral kills)
  2 lemures (D:5)
  A scorpion (D:5)
  A howler monkey (D:4)
  An adder (D:4)
  2 dart slugs
  4 ball pythons
  8 endoplasms
  2 giant cockroaches
  4 goblins
  2 hobgoblins
  4 jackals (D:1)
  2 bats
  3 frilled lizards
  4 kobolds
  A rat (D:2)
41 creatures vanquished.

Grand Total: 56 creatures vanquished

Notes
Turn   | Place    | Note
-------+----------+-------------------------------------------
     0 | D:1      | Rennog the Kobold Summoner began the quest for the Orb.
     0 | D:1      | Reached XP level 1. HP: 10/10 MP: 3/3
    30 | D:1      | Found Effink's Magic Scroll Shoppe.
   296 | D:1      | Reached XP level 2. HP: 7/15 MP: 2/5
   299 | D:1      | Learned a level 2 spell: Call Imp
  1022 | D:1      | Reached XP level 3. HP: 13/19 MP: 2/7
  1908 | D:1      | Found a faded altar of an unknown god.
  2017 | D:2      | Learned a level 3 spell: Call Canine Familiar
  2135 | D:2      | Reached XP level 4. HP: 12/24 MP: 5/9
  2686 | D:2      | You fall into a shaft and drop 2 floors!
  2772 | D:4      | Reached XP level 5. HP: 14/28 MP: 7/11
  3040 | D:4      | Noticed a lemure
  3055 | D:4      | Noticed a lemure
  3059 | D:4      | Noticed a lemure
  3060 | D:4      | Noticed a lemure
  3071 | D:5      | Entered Level 5 of the Dungeon
  3106 | D:5      | Killed a lemure
  3113 | D:5      | Killed a lemure
  3125 | D:5      | Reached skill level 5 in Summonings
  3383 | D:5      | Learned a level 3 spell: Summon Guardian Golem
  3596 | D:4      | Found a staircase to the Ecumenical Temple.
  3631 | Temple   | Entered the Ecumenical Temple
  4002 | Temple   | Became a worshipper of Sif Muna the Loreminder
  4391 | D:3      | Found a sparkling altar of Nemelex Xobeh.
  4391 | D:3      | Noticed Sigmund
  4421 | D:3      | Killed from afar by Sigmund

Illustrated notes

Levels and vault maps discovered:
D:1:      lightli_arrival_isolated_outpost, layout_basic,
          dilly_ecumenical_altar_fadedgnrine, serial_shops,
          nicolae_shop_waterfront
D:2:      layout_basic, minmay_split_cup_small
D:3:      due_chaos_kobolds, layout_loops_ring, lemuel_tele_altar,
          nicolae_elyvilon_peaceful_grove, uniq_grinder, uniq_sigmund,
          uniq_jessica
D:4:      layout_basic, temple_statues, corner_web_ring, uniq_pikel
D:5:      layout_loops_ring, pdpol_temple_overflow_zin_treasury_gozag_greed,
          mainiacjoe_overflow_divided_tiny, chequers_serial_rivers_large_a
Temple:   minmay_temple_curvy_branch

Skill      XL: |  1  2  3  4  5 |
---------------+----------------+-----
Spellcasting   | 3 4 |  4.5
Summonings     | 5 |  5.1
Dodging        | |  2.5
Stealth        | |  2.9

Action                   |  1- 3 |  4- 6 || total
-------------------------+-------+-------++-------
Melee: Staff             |    97 |    23 ||   120
 Cast: Summon Small Mamm |    23 |     1 ||    24
       Call Imp          |    27 |    11 ||    38
       Call Canine Famil |     1 |     8 ||     9
       Summon Guardian G |       |     1 ||     1
  Use: Scroll            |       |     3 ||     3
 Stab: Sleeping          |     3 |       ||     3
Armor: Robe              |    14 |     6 ||    20
Dodge: Dodged            |    91 |    36 ||   127

Table legend: (Time is in decaauts)
 A = Elapsed time spent in this place.
 B = Non-inter-level travel time spent in this place.
 C = Inter-level travel time spent in this place.
 D = Time resting spent in this place.
 E = Time spent auto-exploring this place.
 F = Levels seen in this place.
 G = Mean time per level.
                   A        B        C        D        E       F      G
               +--------+--------+--------+--------+--------+-----+--------+
         Total |   4454 |   4238 |    216 |    249 |   3340 |   6 |  742.3 |
       Dungeon |   4060 |   3968 |     92 |    249 |   3073 |   5 |  812.0 |
        Temple |    393 |    269 |    124 |      0 |    267 |   1 |  393.0 |
               +--------+--------+--------+--------+--------+-----+--------+

Top non-repeatable levels by time:
     D:1: 2021 daAuts
     D:4: 882 daAuts
     D:2: 694 daAuts
  Temple: 393 daAuts
     D:5: 314 daAuts
     D:3: 147 daAuts
